[Event "85th Tata Steel Masters 2023"]
[Site "Wijk aan Zee"]
[Date "2023.01.27"]
[Round "11.4"]
[White "Praggnanandhaa R"]
[Black "Maghsoodloo, Parham"]
[Result "0-1"]
[ECO "B90"]
[WhiteElo "2684"]
[BlackElo "2719"]
[Annotator "TA"]
[PlyCount "104"]
[EventDate "2023.01.10"]
[EventType "tourn"]
[EventCountry "NED"]
[SourceTitle "playchess.com"]
[Source "ChessBase"]
[SourceQuality "1"]
[TimeControl "40/6000+30:30/3000+30:900+30"]

1. e4 c5 2. Nf3 d6 3. d4 cxd4 4. Nxd4 Nf6 5. Nc3 a6 6. h3 e5 $1 {[%emt 0:00:14] The main line 6...e5 scores better than 6...e6.} 7. Nf3 {[%emt 0:00:07] B90: Sicilian Najdorf: Unusual White 6th moves, 6 Be3 Ng4 and 6 Be3 e5.} Qc7 8. Nh2 {[%emt 0:00:30] [#]} Nbd7 $146 ({Predecessor:} 8... Be6 9. Be2 Nbd7 10. a4 Be7 11. Ng4 Qc6 12. Bf3 O-O 13. O-O b5 14. Ne3 b4 {1-0 Nestorovic,N (2509)-Lazov,T (2279) Paracin Summer op-A 10th 2017 (7.17)}) 9. Ng4 {[%emt 0:00:15] The position is equal.} b5 10. Ne3 Nb6 11. a3 Be7 12. Bd3 Be6 13. Qf3 g6 14. O-O Nfd7 15. Bd2 Nc5 16. Be2 O-O {[%emt 0:05:12] [#]} 17. Nf5 Bxf5 (17... gxf5 $5 18. exf5 Kh8 $11) 18. exf5 {[%emt 0:00:14] [#]} d5 $1 19. Bh6 (19. Nxd5 $2 Nxd5 20. Bh6 (20. Qxd5 $2 Rad8 $19) 20... Rfd8 $19) 19... Rfd8 20. Rad1 (20. Qg3 $5) 20... e4 $36 {[%emt 0:00:15][%mdl 2048] Black is pushing.} 21. Qg4 Nca4 (21... Qe5 {simplifies} 22. Bf4 Qxf5 23. Qxf5 gxf5 24. Bc7 Nca4) 22. Nxa4 Nxa4 23. fxg6 hxg6 24. f4 $2 (24. Rb1 $15) 24... Qb6+ $19 (24... Nxb2 $2 25. Rb1 Qb6+ 26. Kh2 $19) (24... Qxc2 25. f5 Qc6 26. Rc1 Qb6+ 27. Kh1 Nxb2 28. Rc7 $16) 25. Kh1 f5 (25... Nxb2 $2 26. Rb1 f5 27. Qg3 $19) 26. Qg3 Nxb2 27. Rb1 Nc4 28. a4 Kh7 ({Black should try} 28... b4 $19 {And now ...Nd2 would win.} 29. Bxc4 dxc4) 29. Bxc4 (29. Bg5 $17 {is the only way for White.} Bxg5 30. fxg5) 29... Kxh6 (29... dxc4 $2 30. Bg5 Bxg5 31. Qxg5 $19) 30. Bb3 {[%emt 0:01:11] White is weak on the dark squares} Rac8 31. axb5 axb5 32. Rfd1 d4 33. Qf2 Rc3 34. Ra1 (34. Ba4 $142 b4 35. Rb2) 34... Qf6 35. Ra7 (35. Rab1 $142) 35... Qh4 36. Qf1 d3 37. g3 {[%emt 0:05:34] [#]} dxc2 $1 38. Rxd8 (38. gxh4 Rxd1) 38... Bxd8 ({Weaker is} 38... c1=R 39. Rh8+ Kg7 40. Rg8+ Kh6 41. Rh8+ Kg7 42. Rg8+ Kh6 43. Rh8+ $11) (38... c1=Q $142 39. Rd1 Rxg3 40. Rxc1 Rxh3+ 41. Qxh3 Qxh3+ 42. Kg1 Qe3+ 43. Kg2 Qd2+ 44. Kg3 Qxc1 45. Rxe7 Qg1+ 46. Kh3 Qg4+ 47. Kh2 Qxf4+ 48. Kg2 Qg5+ 49. Kf2 Qxe7 50. Bd1 e3+ 51. Ke2 Qe4 52. Bb3 f4 53. Bc2 Qxc2+ 54. Kf3 e2 55. Kf2 Qd2 56. Kg2 e1=Q+ 57. Kh3 Qg3#) 39. gxh4 c1=Q (39... c1=B 40. Rd7 Rxb3 41. Qxc1 $18) 40. Qxc1 Rxc1+ {[%emt 0:00:04][%mdl 4096] Endgame KRB-KRB} 41. Kg2 Bxh4 42. Ra6 Rc3 (42... Rb1 $142 43. Bf7 Rb2+ 44. Kf1 Rf2+ 45. Kg1 e3 46. Bxg6 e2 47. Bxf5+ Kg7) 43. Be6 Rc2+ 44. Kh1 (44. Kg1 $142 Kg7 45. Ra7+ Kf8 46. Ra2 Rc1+ 47. Kh2) 44... Bf6 {[%emt 0:00:00] ...e3 is the strong threat.} 45. Bd7 Kg7 (45... e3 $142 46. Bxb5 Bd4) 46. Bxb5 Rf2 47. Ra7+ Kh6 48. Ra6 Bd4 49. Be8 {[%emt 0:00:00] [#]} e3 $1 (49... Rxf4 50. Rxg6+ Kh7 51. Kh2 $17) 50. Rxg6+ Kh7 51. Rg1 (51. Re6 $142 e2 52. Bh5 Rf1+ 53. Kg2) 51... e2 $1 {[%emt 0:00:00][%cal Of2f1] ( -> ...Rf1!)} ({Not} 51... Rxf4 52. Bb5 $15) 52. Bb5 {[%emt 0:00:00] [#]} Rh2+ $3 {[%emt 0:00:21][%mdl 576] Discovered Attack, Promotion. Excellently played by Maghsoodloo!   Weighted Error Value: White=1.05/Black=0.49} 0-1

[Event "85th Tata Steel Masters 2023"]
[Site "Wijk aan Zee"]
[Date "2023.01.27"]
[Round "11.5"]
[White "Keymer, Vincent"]
[Black "Rapport, Richard"]
[Result "1/2-1/2"]
[ECO "A48"]
[WhiteElo "2696"]
[BlackElo "2740"]
[Annotator "TA"]
[PlyCount "81"]
[EventDate "2023.01.10"]
[EventType "tourn"]
[EventCountry "NED"]
[SourceTitle "playchess.com"]
[Source "ChessBase"]
[SourceQuality "1"]
[TimeControl "40/6000+30:30/3000+30:900+30"]

1. d4 Nf6 2. Nf3 g6 3. Nbd2 c5 4. dxc5 Qa5 5. a3 Qxc5 6. b4 {[%emt 0:00:09] A48: 1 d4 Nf6 2 Nf3 g6: Torre, London and Colle Systems.} Qc3 7. Rb1 Bg7 8. Bb2 Qc7 9. e3 O-O 10. Bd3 d6 11. O-O {[%emt 0:03:50] [#]} Nbd7 $146 ({Predecessor:} 11... a5 12. c4 Nc6 13. Qb3 Rd8 14. b5 Nb8 15. b6 Qd7 16. c5 dxc5 17. Ne5 Qe8 {1-0 Bitelmajer,M (2332)-Nejanky,M (2050) Buenos Aires Duchamp Memorial op 4th 2012 (4)}) 12. c4 b6 13. Qb3 Bb7 14. Rfe1 Rfe8 15. Rbc1 Rac8 16. h3 Qb8 17. Bf1 Qa8 18. Nd4 a6 19. Ne2 d5 20. Nc3 dxc4 21. Nxc4 Qb8 22. a4 Ba8 23. Rcd1 (23. e4 $5 ) 23... Nf8 24. a5 N8d7 25. axb6 (25. Nxb6 {feels hotter.} Nxb6 26. Bxa6 Nbd7 27. Bxc8 Rxc8 28. b5) 25... Nxb6 26. Na5 Nbd5 27. Nxd5 (27. Rxd5 Nxd5 28. Nxd5 Bxb2 29. Qxb2 Bxd5 30. Bxa6 Rc7 $17) (27. Bxa6 $2 Nxc3 28. Rd3 (28. Bxc3 $2 Rxc3 29. Qxc3 Ng4 $19) 28... Bd5 $19) 27... Bxd5 28. Rxd5 (28. Qa3 $5 Red8 29. Nb3 $16) 28... Nxd5 29. Bxg7 Kxg7 30. Qxd5 {[%emt 0:00:05] [#] Black must now prevent Nc6.} Qxb4 31. Ra1 {[%emt 0:02:50] Nc6 is the strong threat.} Qc3 {[%emt 0:02:46] Against Nc6} 32. Qa2 Red8 33. Nc4 {[%emt 0:02:54] Prevents Rd2} ({Much worse is} 33. Bxa6 Rd2 34. Qb1 (34. Qxd2 $2 Qxd2 35. Bxc8 Qc3 $19) 34... Ra8 $15) 33... a5 34. Rb1 ({Inferior is} 34. Qxa5 Rxc4 35. Bxc4 Rd1+ 36. Rxd1 Qxa5 $17) 34... Rc5 35. Qa1 Qxa1 36. Rxa1 Ra8 37. Ra4 Rb5 38. g3 e5 39. Kg2 f5 {[%emt 0:00:06] [#]} 40. e4 fxe4 $11 41. h4 {[%emt 0:08:34] Weighted Error Value: White=0.07 (flawless) /Black=0.07 (flawless)} 1/2-1/2

[Event "85th Tata Steel Masters 2023"]
[Site "Wijk aan Zee"]
[Date "2023.01.27"]
[Round "11.6"]
[White "Ding, Liren"]
[Black "Van Foreest, Jorden"]
[Result "1/2-1/2"]
[ECO "D12"]
[WhiteElo "2811"]
[BlackElo "2681"]
[Annotator "TA"]
[PlyCount "65"]
[EventDate "2023.01.10"]
[EventType "tourn"]
[EventCountry "NED"]
[SourceTitle "playchess.com"]
[Source "ChessBase"]
[SourceQuality "1"]
[TimeControl "40/6000+30:30/3000+30:900+30"]

1. d4 d5 2. c4 c6 3. Nf3 Nf6 4. e3 Bf5 5. Nc3 e6 6. Nh4 Be4 7. f3 Bg6 {[%emt 0:00:06] D12: Slav Defence: 3 Nf3 Nf6 4 e3 Bf5.} 8. Bd2 Nbd7 (8... dxc4 $5 9. Bxc4 a6 $11) 9. Nxg6 hxg6 {[%emt 0:00:07] White has an edge.} 10. Qb3 {[%emt 0:00:17] [#]} dxc4 $1 $146 {[%emt 0:01:07][%mdl 8] A relevant novelty.} (10... Qc7 $11) ({Predecessor:} 10... Qc7 11. O-O-O dxc4 12. Bxc4 a6 13. Be2 b5 14. h4 c5 15. Kb1 Be7 16. g4 c4 {½-½ Bacrot,E (2642)-Xiong,J (2686) Titled Tuesday intern op 18th Jan blitz 2022 (9)}) 11. Qxb7 $16 c5 12. Nb5 {[%emt 0:15:29] [#] Black must now prevent Nc7+.} (12. Bxc4 cxd4 13. Nb5 (13. exd4 Rb8 $14) 13... Rc8 $14) 12... Rb8 13. Nc7+ Ke7 14. Qxa7 {[%emt 0:00:04] White is much more active.} Qc8 {[%emt 0:00:14] [#] Hoping for ...Rb7.} (14... Rxb2 $2 15. Bxc4 (15. dxc5 Qb8 $16) 15... Rh5 16. Bb3 $18) 15. dxc5 (15. Bxc4 Rb7 16. Qa3 Qxc7 $17) (15. Qa5 $1 $16) 15... Rb7 $36 {[%emt 0:02:25][%mdl 2048] Black has some pressure.} (15... Rxb2 $2 16. c6 (16. Bxc4 $2 {too greedy.} Rb7 $19) 16... Qb8 17. Qxb8 Nxb8 18. O-O-O $18 (18. Bxc4 Kd6 $16)) 16. Qa3 Qxc7 17. c6+ (17. Bxc4 Ra7 18. Qc3 Qxc5 $17) 17... Ke8 18. cxd7+ Nxd7 19. Qc3 Bb4 ({Don't play} 19... Rxh2 20. Rxh2 Qxh2 21. O-O-O $16) 20. Qc2 (20. Qc1 $5 ) 20... Qe5 21. Bxb4 Qxe3+ (21... Rxb4 $5 22. O-O-O $8 Qxe3+ 23. Qd2 Qxd2+ 24. Rxd2 Ke7 $11) 22. Qe2 Qxe2+ 23. Bxe2 Rxb4 24. O-O-O Ke7 {[%emt 0:00:06] Strongly threatening ...Rhb8.} 25. Rd2 g5 26. Rc2 Nb6 27. a3 Ra4 28. Kb1 Rh4 29. g3 Rh3 30. Bd1 Ra5 31. Be2 {[%emt 0:07:28] The position is equal.} Ra4 32. Bd1 Ra5 33. Be2 {[%emt 0:01:55] Weighted Error Value: White=0.07 (flawless) /Black=0.09 (flawless)} 1/2-1/2

[Event "85th Tata Steel Masters 2023"]
[Site "Wijk aan Zee"]
[Date "2023.01.27"]
[Round "11.7"]
[White "Erigaisi Arjun"]
[Black "Gukesh D"]
[Result "1/2-1/2"]
[ECO "C67"]
[WhiteElo "2722"]
[BlackElo "2725"]
[Annotator "TA"]
[PlyCount "90"]
[EventDate "2023.01.10"]
[EventType "tourn"]
[EventCountry "NED"]
[SourceTitle "playchess.com"]
[Source "ChessBase"]
[SourceQuality "1"]
[TimeControl "40/6000+30:30/3000+30:900+30"]

1. e4 e5 2. Nf3 Nc6 3. Bb5 Nf6 4. O-O Nxe4 5. d4 Nd6 6. dxe5 Nxb5 7. a4 {[%emt 0:00:05] The position is equal.} Nbd4 {[%emt 0:00:25] C67: Ruy Lopez: Berlin Defence: 4 0-0 Nxe4.} 8. Nxd4 d5 {[%emt 0:00:06] The modern move.} 9. c3 Be7 10. f4 O-O 11. Be3 f6 {[%emt 0:08:30] [#]} 12. Nd2 $146 ({Predecessor:} 12. Nxc6 bxc6 13. Nd2 fxe5 14. fxe5 Rxf1+ 15. Qxf1 Qf8 16. Qxf8+ Kxf8 17. b4 a5 18. bxa5 {1-0 Najer,E (2659)-Esipenko,A (2709) RUS-chT 29th 2022 (6.4)}) 12... Nxd4 13. Bxd4 c5 14. exf6 $1 cxd4 15. fxe7 Qxe7 16. Qf3 dxc3 17. Qxc3 Qf6 18. Qd3 (18. Qxf6 {simplifies} Rxf6 19. Rac1 Bd7 20. Rc7) 18... Qxb2 19. Qxd5+ Kh8 20. Nc4 {[%emt 0:01:08] Repels Qb6+} (20. Rae1 {simplifies} Bf5 21. Nc4 Qf6 22. Ne5) 20... Be6 {[%emt 0:04:02][%mdl 64] [#] Deflection} 21. Qe5 (21. Qxe6 $5 Qd4+ $8 22. Qe3 Qxc4 23. a5 $11) 21... Qxe5 22. Nxe5 Rac8 23. Rf2 Rc5 24. Re1 b5 25. a5 (25. f5 $5 Bc8 $8 26. axb5 $11) 25... Rd8 26. Rb2 Kg8 27. h3 Bc8 28. Nf3 Rf8 29. Rb4 a6 30. Re7 Rcf5 31. g3 R5f7 32. Re3 Rc7 ({But not} 32... Bxh3 33. Ng5 $16) 33. g4 Rc2 34. f5 Rd8 35. Rd4 Rxd4 36. Nxd4 $11 {[%emt 0:00:04][%mdl 4096] Endgame KRB-KRN} Rc4 37. Nf3 Kf8 38. Kf2 Rc2+ 39. Kg3 b4 40. Rb3 Rc4 41. Kf2 Bd7 42. Nd2 Ba4 43. Rb1 Rc2 44. Ke1 b3 45. Nxb3 {[%emt 0:00:00] [#] Threatens to win with Nd4.} Bxb3 {[%emt 0:00:39] An even fight not without its subleties.   Weighted Error Value: White=0.01 (flawless) /Black=0.02 (flawless)} 1/2-1/2

[Event "85th Tata Steel Masters 2023"]
[Site "Wijk aan Zee"]
[Date "2023.01.28"]
[Round "12.2"]
[White "Van Foreest, Jorden"]
[Black "Giri, Anish"]
[Result "1/2-1/2"]
[ECO "D38"]
[WhiteElo "2681"]
[BlackElo "2764"]
[Annotator "TA"]
[PlyCount "158"]
[EventDate "2023.01.10"]
[EventType "tourn"]
[EventCountry "NED"]
[SourceTitle "playchess.com"]
[Source "ChessBase"]
[SourceQuality "1"]
[TimeControl "40/6000+30:30/3000+30:900+30"]

1. d4 Nf6 2. c4 e6 3. Nf3 d5 4. cxd5 exd5 5. Nc3 Bb4 6. Bf4 Ne4 7. Rc1 Nc6 8. h4 (8. Nd2 $11) 8... Bf5 $15 9. e3 Nxc3 $1 10. bxc3 Ba3 11. Rb1 $1 Bxb1 12. Qxb1 Rb8 13. Qb3 Bd6 14. Qxd5 Bxf4 15. Qe4+ Qe7 16. Qxf4 Qa3 17. Qe4+ Ne7 18. Qc2 (18. Bb5+ c6 19. Be2 Qxc3+ 20. Kf1 Qa5 $17) 18... Nd5 19. c4 Nc3 20. c5 b6 (20... Qb4 $11) 21. Bc4 $1 $14 bxc5 22. O-O O-O 23. h5 $1 Qb4 $2 (23... Rb6 $14) 24. Ng5 $1 $18 g6 25. Qd3 Rb6 {[%emt 0:14:01] [#]} (25... gxh5 $2 26. Qxh7#) 26. dxc5 $2 (26. Rc1 $1 $18) 26... Rc6 $16 (26... Qxc5 27. Nxf7 Rxf7 28. Qxc3 $16) 27. hxg6 ({Better is} 27. Nxf7 $16 Rxf7 28. Qd8+ (28. Bxf7+ Kxf7 29. Qd7+ Kf8 $11) 28... Kg7 29. h6+ (29. Bxf7 Kxf7 30. Qd7+ Kf8 $11) 29... Kxh6 30. Bxf7 Ne2+ 31. Kh2 Qxc5 32. g3) 27... Rxg6 $14 28. f4 (28. Nf3 $5 Qb2 29. Qf5 $14) 28... Rg7 (28... c6 $11 {keeps the balance.}) 29. Rc1 Na4 30. Ne4 (30. Nxf7 $16 {aiming for Rb1.} Rgxf7 31. a3) 30... Nb2 (30... Qb2 31. Qc2 $16) 31. Qb3 (31. Nf6+ {is more complex.} Kh8 32. Qd4 Nxc4 33. Nh5) 31... Qxb3 32. Bxb3 Kh8 33. Rb1 Nd3 $1 34. Bc2 (34. Bc4 $5 f5 {[%mdl 64] Deflection} 35. Ng5 $11 (35. Bxd3 fxe4 36. Bxe4 Re7 $11)) 34... f5 $1 (34... Rd8 35. Rd1 $16) 35. Bxd3 fxe4 36. Bxe4 Re7 37. Rb4 Rd8 38. Kf2 Rd2+ 39. Kf3 Rxa2 40. g4 h6 41. f5 Kg7 42. Kf4 Ra3 43. Rd4 Kf6 44. Bd3 Ra2 45. e4 Rf2+ 46. Ke3 Rg2 47. Kf3 Rd2 48. Rd8 Ke5 49. Ke3 Rg2 50. Kf3 Rd2 51. c6 a5 52. Ke3 Rg2 53. Be2 Kf6 (53... Rh2 {simplifies} 54. Ra8 Rxe2+ 55. Kxe2 Kxe4 56. Rd8 Rg7) 54. Bf3 Rc2 $1 55. Kf4 a4 (55... Rxc6 $2 56. e5+ Rxe5 57. Bxc6 $18) 56. Rg8 a3 (56... Rxc6 $2 57. Rg6+ Kf7 58. Rxc6 $18) 57. Rf8+ $1 (57. e5+ $2 Rxe5 58. Rf8+ (58. Rg6+ $2 Ke7 $19) 58... Kg7 $19) 57... Kg7 58. Ra8 a2 ({Much less strong is} 58... Rxc6 59. e5 (59. Rxa3 Rd7 $11) 59... Rc4+ 60. Be4 $14) 59. e5 Re8 $1 (59... Rc4+ $2 60. Be4 $18) 60. Ra7 Kf8 61. e6 Rf2 $1 62. Kg3 Rd2 63. Kf4 Rf2 64. Ke3 Rb2 65. Kd4 Kg7 66. Rxc7+ Kf6 67. Rf7+ Kg5 68. Ra7 Rd8+ 69. Kc3 Rf2 70. Be4 Re2 71. Bc2 Rd6 72. Rxa2 (72. Rg7+ Kf4 73. Ra7 Rxc6+ 74. Kb3 Rexc2 $19) 72... Rxc6+ 73. Kd3 Rh2 74. e7 Rc8 $1 75. Ra6 Rcxc2 76. e8=Q (76. Rg6+ $2 {is a self mate.} Kf4 77. e8=Q Rhd2#) 76... Rhd2+ 77. Ke3 Re2+ 78. Kd3 Red2+ 79. Ke3 Re2+ 1/2-1/2

[Event "85th Tata Steel Masters 2023"]
[Site "Wijk aan Zee"]
[Date "2023.01.28"]
[Round "12.3"]
[White "Carlsen, Magnus"]
[Black "Praggnanandhaa R"]
[Result "1/2-1/2"]
[ECO "D40"]
[WhiteElo "2859"]
[BlackElo "2684"]
[Annotator "TA"]
[PlyCount "134"]
[EventDate "2023.01.10"]
[EventType "tourn"]
[EventCountry "NED"]
[SourceTitle "playchess.com"]
[Source "ChessBase"]
[SourceQuality "1"]
[TimeControl "40/6000+30:30/3000+30:900+30"]

1. Nf3 Nf6 2. c4 c5 3. Nc3 Nc6 4. e3 e6 5. d4 d5 6. a3 dxc4 7. Bxc4 a6 {[%emt 0:00:19] D40: Queen's Gambit Declined: Semi-Tarrasch with 5 e3.} 8. Bd3 cxd4 9. exd4 g6 10. Bg5 Bg7 {[%emt 0:01:16] [#]} 11. Be4 $146 (11. d5 exd5 12. O-O O-O $17) (11. Ne4 {feels stronger.}) ({Predecessor:} 11. Ne4 h6 12. Bxf6 Bxf6 13. Nxf6+ Qxf6 14. O-O O-O 15. Be4 Bd7 16. Qd2 Kg7 17. Rac1 {½-½ Nepomniachtchi,I (2766)-Giri,A (2708) Wch Rapid Almaty 2022 (5)}) 11... Ne7 $11 12. h4 h6 13. Bxf6 Bxf6 14. Qd2 Nd5 15. h5 g5 16. Ne5 Bg7 17. Bxd5 exd5 18. O-O Be6 19. Rae1 O-O 20. Re3 Bf5 (20... Rc8 $5) 21. Qd1 Re8 ({Black should try} 21... Qd6 $14) 22. Rfe1 Be6 23. Na4 $1 b6 {[%emt 0:04:33] Against Nc5} 24. Rb3 {[%emt 0:03:08] White is much more active.} Qc7 25. Nxb6 (25. Rxb6 $16 {aiming for Rc6.} Bd7 26. Nxd7 Rxe1+ 27. Qxe1 Qxd7 28. Qd1) 25... Rab8 {[%emt 0:00:37] ...Bxe5 is the strong threat.} 26. Na4 {[%emt 0:00:02] Excellent horsemanship.} Rxb3 27. Qxb3 Bxe5 28. dxe5 Qa5 29. Qd1 Bg4 $1 {[%emt 0:01:37][%mdl 64] [#] Deflection} 30. f3 (30. Qxg4 $2 Qxe1+ 31. Kh2 Qxf2 $19) 30... Bd7 31. Nc3 Qc5+ 32. Kh2 d4 33. Re4 dxc3 34. Qxd7 c2 35. Qxe8+ {[%emt 0:00:34][%mdl 4096] Endgame} Kg7 36. b4 Qc3 (36... Qc7 $5 37. Re1 $8 Qc4 $11) 37. f4 c1=Q (37... c1=B 38. f5 Bf4+ 39. Rxf4 f6 40. Qe7+ Kh8 41. exf6) 38. f5 {[%emt 0:00:02] White wants to mate with f6+. Chess con chili.} Qc7 {[%emt 0:01:07] Threatens to win with ...Qd1.} (38... Q1xa3 $2 39. f6+ Kh7 40. Qxf7+ Kh8 41. Qg7#) 39. f6+ Kh7 40. Qf8 {[%emt 0:00:07][%csl Gf6][%cal Rf8g7] The position is equal.} Qxe5+ $1 {[%emt 0:00:07][%mdl 64] [#] Decoy} 41. Rxe5 Qf4+ 42. Kg1 Qc1+ 43. Kf2 Qf4+ 44. Ke2 Qxe5+ {[%emt 0:00:05] KQ-KQ} 45. Kd3 Qxf6 46. Qe8 Qf1+ 47. Kd4 Kg7 (47... Qxg2 $2 48. Qe4+ Qxe4+ 49. Kxe4 $18) 48. Qe5+ Kg8 49. Qb8+ Kg7 50. Qg3 Qd1+ 51. Kc5 Qxh5 52. Qe5+ Kg8 53. a4 Qd1 54. a5 {[%emt 0:00:00] Kb6 would be deadly.} Qg1+ 55. Qd4 Qxg2 56. b5 g4 57. bxa6 {[%emt 0:00:00] And now a7 would win.} g3 58. a7 {[%emt 0:00:00] Strongly threatening Qd8+.} Qa8 {[%emt 0:00:00] Prevents Qd8+.} 59. Kd6 g2 {[%emt 0:04:41] ( -> ...Qd8+)} 60. Ke5 Qf3 61. Qd8+ Kh7 (61... Kg7 $5 62. a8=Q $8 (62. Qb6 Qg3+ 63. Kf5 Qg5+ 64. Ke4 g1=Q 65. Qxg1 Qxg1 66. a8=Q Qg2+ 67. Kf4 Qxa8 68. a6 Qxa6 69. Ke4 h5 70. Kd4 Qd6+ 71. Kc4 h4 72. Kc3 h3 73. Kc2 h2 74. Kb3 h1=Q 75. Kc2 Qb4 76. Kd3 Qhe4#) 62... Qxa8 63. Qxa8 g1=Q $11) 62. a8=Q (62. a8=B Qg3+ 63. Kf6 Qg6+ 64. Ke5 g1=Q 65. Be4 Qe3 66. Qh4 Kg7) (62. Qd5 {leads to mate.} Qxd5+ 63. Kxd5 g1=Q 64. a8=Q Qh1+ 65. Kd4 Qxa8 66. Ke5 Qxa5+ 67. Kd4 h5 68. Ke3 h4 69. Kf4 Qd5 70. Ke3 h3 71. Ke2 h2 72. Ke3 h1=Q 73. Ke2 Qhf3+ 74. Ke1 Qdd1#) 62... Qc3+ (62... g1=Q {gets mated.} 63. Qh8+ Kg6 64. Qhg8+ (64. Qxf3 Qa1+ 65. Kf4 Qxh8 $18) 64... Kh5 65. Qxf3+ Kh4 66. Qxg1 f6+ 67. Qxf6+ Kh5 68. Qgg6#) 63. Qd4 Qxd4+ {[%emt 0:00:00][%mdl 64] Remove Defender} 64. Kxd4 g1=Q+ 65. Kd3 Qd1+ 66. Ke3 Qe1+ 67. Kd3 {[%emt 0:00:00] Threatening mate with Qe4+.} Qd1+ {[%emt 0:00:00] A fantastic game!   Weighted Error Value: White=0.06 (flawless) /Black=0.06 (flawless)} 1/2-1/2

[Event "85th Tata Steel Masters 2023"]
[Site "Wijk aan Zee"]
[Date "2023.01.28"]
[Round "12.5"]
[White "Gukesh D"]
[Black "Aronian, Levon"]
[Result "1/2-1/2"]
[ECO "D38"]
[WhiteElo "2725"]
[BlackElo "2735"]
[Annotator "TA"]
[PlyCount "143"]
[EventDate "2023.01.10"]
[EventType "tourn"]
[EventCountry "NED"]
[SourceTitle "playchess.com"]
[Source "ChessBase"]
[SourceQuality "1"]
[TimeControl "40/6000+30:30/3000+30:900+30"]

1. d4 Nf6 2. c4 e6 3. Nf3 d5 4. Nc3 Bb4 5. Qa4+ Nc6 6. e3 O-O 7. Bd2 Qe8 {[%emt 0:00:39][%cal Oc6d4] D38: Queen's Gambit Declined: Ragozin Defence (4 Nf3 Bb4).} 8. Qb3 {[%emt 0:12:20] [#]} a5 $146 ({Predecessor:} 8... dxc4 9. Bxc4 a6 10. Be2 Bd6 11. Ng5 e5 12. d5 Ne7 13. Nge4 Nxe4 14. Nxe4 f5 15. Nxd6 cxd6 {0-1 Polak,T (2507)-Lenic,L (2575) HUN-chT 0910 2009 (2)}) 9. a3 Bxc3 10. Bxc3 b6 11. cxd5 exd5 12. Bb5 Ba6 13. Bxa6 Rxa6 14. O-O Qe6 15. Rac1 Ne4 16. Rfd1 Ne7 17. Qc2 Rc8 18. Be1 h6 19. Qe2 Ra7 20. Rc2 c5 21. dxc5 bxc5 22. Nd2 Nxd2 23. Bxd2 Nf5 {[%emt 0:01:24] ...Nd4 is the strong threat.} 24. Bc3 {[%emt 0:28:28] Repels Nd4} a4 25. h3 Rd7 26. Qg4 d4 {[%emt 0:47:26] [#]} 27. Bxd4 $1 $16 {[%emt 0:01:28][%mdl 64] Pin} Rcd8 {[%emt 0:01:31] Hoping for ...h5.} (27... g6 28. Rdd2) 28. Rxc5 Nxd4 29. exd4 Qxg4 30. hxg4 Rxd4 31. Rxd4 Rxd4 {[%emt 0:00:03][%mdl 4096] Endgame KR-KR} 32. Rc8+ Kh7 33. Rb8 Rd1+ 34. Kh2 g5 (34... Rd5 $16 35. Rb6 Ra5) 35. g3 $2 (35. Rb4 $18) 35... Rc1 36. Kg2 Rc2 37. Rb6 Kg7 38. Kf3 Rd2 39. Ke3 Rc2 40. Rb4 Kg6 41. f4 (41. Kf3 $16) 41... Rg2 42. Kf3 ({Resist} 42. Rxa4 Rxb2 43. Rb4 Rg2 $16) 42... Rc2 43. Rb6+ Kg7 44. Ke4 Rd2 ({Black should play} 44... Rg2 $14) 45. Rb4 (45. Ke5 $16) 45... Kf6 $14 46. f5 Rg2 $1 47. Kd5 ({But not} 47. Rxa4 $6 Rxb2 48. Rb4 Ra2 $16) 47... Rxg3 48. Rxa4 h5 {[%emt 0:00:03][%mdl 64] Deflection} 49. gxh5 ({White should try} 49. Ra6+ $11 Kg7 50. gxh5) 49... Kxf5 50. Ra7 ({Better is} 50. b4 $1 $14 g4 51. Ra8) 50... g4 $11 51. Rxf7+ Kg5 52. Kc4 {[%emt 0:03:35] a4 would be deadly.} Kxh5 53. a4 Rf3 54. Rh7+ Kg6 55. Rh1 Rf4+ 56. Kb5 Rf5+ 57. Kb4 {[%emt 0:00:05] Black must now prevent a5.} Rf4+ 58. Ka3 {[%emt 0:00:05] Threatens to win with a5.} g3 59. Rg1 Rg4 {[%emt 0:00:50][%mdl 8192] [#]} (59... Rf3+ $11 60. Kb4 Kg5) 60. a5 $2 ({White must play} 60. b4 $1 $18 Kf6 61. b5) 60... Kf7 {[%emt 0:00:05] The position is equal.} 61. b4 Ke7 (61... g2 $2 62. a6 Rg8 63. b5 $18) 62. a6 Kd7 63. a7 Rg8 64. Ka4 Kc6 65. Rxg3 {[%emt 0:00:00][%mdl 64] Deflection, Promotion} Rh8 66. Rg7 Kb6 67. Kb3 Rh3+ 68. Kc4 Rh4+ 69. Kb3 Rh3+ 70. Ka4 Rh8 71. Rh7 {[%emt 0:12:12][%mdl 64] Deflection, Promotion} Ra8 72. Rf7 {[%emt 0:00:11] Weighted Error Value: White=0.32/Black=0.09 (flawless)} 1/2-1/2